 Dungeon Crawl Stone Soup version 0.27.0-1-g7a089689b8 (webtiles) character file.

Game seed: 11309100110198487243

2009 Strat the Firebug (level 9, -1/50 HPs)
             Began as a Kobold Fire Elementalist on Aug 14, 2021.
             Was an Initiate of Vehumet.
             Slain by Maurice (2 damage)
             ... on level 8 of the Dungeon.
             The game lasted 00:37:44 (10253 turns).

Strat the Firebug (Kobold Fire Elementalist)       Turns: 10253, Time: 00:37:44

Health: -1/50      AC:  5    Str:  6    XL:     9   Next: 46%
Magic:  15/15      EV: 17    Int: 18    God:    Vehumet [......]
Gold:   345        SH:  0    Dex: 16    Spells: 0/16 levels left

rFire    + . .     SeeInvis .   a - +1 dagger (venom)
rCold    x . .     Faith    .   (shield restricted)
rNeg     . . .     Spirit   .   e - +0 robe
rPois    .         Reflect  .   o - +0 helmet
rElec    .         Harm     .   x - +0 cloak
rCorr    .         Rampage  .   (no gloves)
Will     +....                  s - +0 pair of boots
Stlth    +++.......             (no amulet)
HPRegen  0.16/turn              l - ring of willpower
MPRegen  0.14/turn              m - ring of fire

@: no status effects
A: small, no large weapons, nightstalker 3
a: Renounce Religion


You were on level 8 of the Dungeon.
You worshipped Vehumet.
Vehumet was noncommittal.
You visited 2 branches of the dungeon, and saw 9 of its levels.

You collected 420 gold pieces.
You spent 75 gold pieces at shops.

Inventory:

Hand Weapons
 a - a +1 dagger of venom (weapon)
 b - a +0 hunting sling
 f - a +2 flail of draining
 k - a +0 hand axe
 w - a +1 dagger of speed
Missiles
 i - 194 stones
 v - 2 throwing nets
 y - 17 poisoned darts
Armour
 e - a +0 robe (worn)
 g - a +0 leather armour
 o - a +0 helmet (worn)
 s - a +0 pair of boots (worn)
 x - a +0 cloak (worn)
Jewellery
 l - a ring of willpower (left hand)
 m - a ring of fire (right hand)
Wands
 c - a wand of charming (7)
 d - a wand of flame (14)
 A - a wand of acid (8)
Scrolls
 p - a scroll of noise
Potions
 h - a potion of mutation {unknown}
 j - 2 potions of attraction
 n - a potion of degeneration {unknown}
 q - a potion of lignification {unknown}
 r - a potion of magic {unknown}
 t - a potion of invisibility {unknown}
 z - 2 potions of curing


   Skills:
 - Level 3.0 Fighting
 - Level 6.0 Dodging
 - Level 3.2 Stealth
 - Level 4.0 Spellcasting
 + Level 6.9 Conjurations
 + Level 7.5 Fire Magic


You couldn't memorise any spells.
You knew the following spells:

 Your Spells              Type           Power      Damage    Failure   Level
a - Foxfire               Conj/Fire      100%       2x1d9     1%          1
b - Conjure Flame         Conj/Fire      44%        6-21      2%          3
c - Sting                 Tmut/Pois      12%        1d3       14%         1
d - Poisonous Vapours     Pois/Air       6%         N/A       22%         2
e - Sticky Flame          Conj/Fire      44%        2d6       8%          4
f - Fireball              Conj/Fire      22%        3d10      21%         5

Your spell library contained the following spells:

 Spells                   Type           Power      Damage    Failure   Level
 Inner Flame              Hex/Fire       25%        N/A       10%         3
 Apportation              Tloc           6%         N/A       14%         1
 Olgreb's Toxic Radiance  Pois           3%         N/A       82%         4
 Alistair's Intoxication  Tmut/Pois      2%         N/A       99%         5
 Invisibility             Hex            1%         N/A       100%        6


Dungeon Overview and Level Annotations

Branches:
Dungeon (8/15)             Temple (1/1) D:5
   Lair: D:8-11

Altars:
Ashenzari
Cheibriados
Dithmenos
Fedhas
Gozag
Hepliaklqana
Kikubaaqudgha
Nemelex Xobeh
Okawaru
Qazlal
Ru
Trog
Uskayaw
Vehumet
Wu Jian
Xom
Zin
The Shining One

Shops:
D:6 *

Portals:
Bailey: D:8

Annotations:
D:2 Robin
D:5 Blork the orc
D:7 Menkaure
D:8 Maurice


Innate Abilities, Weirdness & Mutations

You are small and have problems with some larger weapons.
You are completely attuned to the shadows.


Message History

The bolt of electricity misses you.
You hear a howl!
A gnoll comes into view. It is wielding a +0 spear.
There is an open door here.
You hear the loud creaking of a very distant portcullis.
A two-headed ogre comes into view.
It is wielding a +0 giant spiked club and a +0 giant club.
The two-headed ogre shouts in stereo!
The two-headed ogre moves out of view.
The two-headed ogre closely misses you.
The two-headed ogre hits you with a +0 giant club!
* * * LOW HITPOINT WARNING * * *
There is an open door, spattered with blood here.
There is an open door here.
Okay, then.
There is an open door here.
Maurice the Thief comes into view.
He is wielding a +0 dagger and carrying a wand of digging (9).
Maurice shouts!
Maurice looks sneaky.
Maurice hits you with a +0 dagger.
* * * LOW HITPOINT WARNING * * *
Maurice steals your +1 flail of holy wrath!
Okay, then.
Okay, then.
Maurice closely misses you. The two-headed ogre barely misses you.
The two-headed ogre misses you.
Maurice gestures wildly while chanting.
Maurice blinks!
Maurice gestures wildly while chanting.
Maurice flickers and vanishes!
Deactivating autopickup; reactivate with Ctrl-A.
The two-headed ogre closely misses you.
The two-headed ogre hits you with a +0 giant club!!
* * * LOW HITPOINT WARNING * * *
There is an open door here.
You hear the loud creaking of a portcullis nearby.
The two-headed ogre closely misses you.
The two-headed ogre hits you with a +0 giant club!
* * * LOW HITPOINT WARNING * * *
Something hits you.
You die...

#.....# #................#.
#.....# +................+.
#.....# #................#'
#.....####...........###+#..
##+#.......#####+##.....#
#..
.##..#.......#......'.....+
#..
.....+.......#.O....#.<...#
#..
.....#.......#......#.....#
#..
####'#.......#..@...#.....+
#..
.............#####+##.....#
#..
......####....<..#..#.....#
#.. ......#..#.......#..'.o.
#.. ......#..'.......'..#...
#.. ###'###..#.......#..# o.
##### .........#.......#..#
. .....
.........#.......'..# ...ยง.
.........#.......#..#...o.#
..##.


You could see a two-headed ogre.

Vanquished Creatures
  Pikel (D:7)
  A troll (D:8)
  2 water moccasins
  A phantom (D:4)
  2 lemures (D:7)
  A kobold brigand (D:7)
  3 bullfrogs
  5 howler monkeys
  A centaur zombie (D:7)
  3 hounds
  2 bullfrog skeletons (D:7)
  A centaur skeleton (D:6)
  2 gnoll shamans
  Crazy Yiuf (D:7)
  An iguana (D:6)
  A killer bee zombie (D:7)
  A howler monkey zombie (D:6)
  11 gnolls
  2 adders
  3 white imps
  An adder skeleton (D:4)
  3 dart slugs
  2 orcs (D:3)
  3 bats
  5 endoplasms
  2 giant cockroaches
  12 goblins
  3 hobgoblins
  2 jackals (D:2)
  A quokka (D:1)
  A ball python (D:4)
  10 kobolds
  5 rats
95 creatures vanquished.

Vanquished Creatures (collateral kills)
  A jelly (D:5)
  A centaur skeleton (D:5)
  An orc (D:5)
  A foxfire (D:7)
4 creatures vanquished.

Vanquished Creatures (others)
  A bullfrog skeleton (D:5)
  398 foxfires
399 creatures vanquished.

Grand Total: 498 creatures vanquished

Notes
Turn   | Place    | Note
-------+----------+-------------------------------------------
     0 | D:1      | Strat the Kobold Fire Elementalist began the quest for the
                  | Orb.
     0 | D:1      | Reached XP level 1. HP: 10/10 MP: 3/3
   671 | D:1      | Reached XP level 2. HP: 15/15 MP: 0/5
  1318 | D:1      | Reached XP level 3. HP: 19/19 MP: 4/6
  1633 | D:2      | Learned a level 3 spell: Conjure Flame
  1635 | D:2      | Learned a level 1 spell: Sting
  1774 | D:2      | Noticed Robin
  2620 | D:3      | Reached XP level 4. HP: 24/24 MP: 4/7
  2625 | D:3      | Learned a level 2 spell: Poisonous Vapours
  2909 | D:3      | Found a hide-covered altar of Uskayaw.
  3140 | D:4      | Found a blossoming altar of Fedhas.
  3493 | D:4      | Noticed a phantom
  3519 | D:4      | Killed a phantom
  3520 | D:4      | Reached skill level 4 in Fire Magic
  3520 | D:4      | Reached XP level 5. HP: 23/28 MP: 1/8
  3743 | D:4      | Found an opulent altar of Gozag.
  3816 | D:4      | Noticed an ogre
  4011 | D:4      | Noticed a black bear
  4339 | D:5      | Entered Level 5 of the Dungeon
  4465 | D:5      | Found a glowing golden altar of the Shining One.
  4570 | D:5      | Found a staircase to the Ecumenical Temple.
  4576 | Temple   | Entered the Ecumenical Temple
  4802 | Temple   | Became a worshipper of Vehumet
  5245 | D:6      | Noticed a black bear
  5291 | D:5      | Noticed a water moccasin
  5655 | D:5      | Found an iron altar of Okawaru.
  5667 | D:5      | Reached XP level 6. HP: 18/32 MP: 10/10
  5784 | D:3      | Learned a level 4 spell: Sticky Flame
  6069 | D:5      | Killed a water moccasin
  6244 | D:5      | Found a hazy altar of Hepliaklqana.
  6278 | D:5      | Noticed Blork the orc
  6346 | D:6      | Reached skill level 5 in Fire Magic
  6346 | D:6      | Reached XP level 7. HP: 36/36 MP: 8/11
  6509 | D:6      | Found Yzoucs's Assorted Antiques.
  6947 | D:6      | Noticed a water moccasin
  6962 | D:6      | Killed a water moccasin
  6963 | D:6      | Reached skill level 5 in Conjurations
  7121 | D:6      | Reached skill level 6 in Fire Magic
  7317 | D:6      | Reached skill level 1 in Fighting
  7647 | D:6      | Reached XP level 8. HP: 38/44 MP: 7/13
  7873 | D:6      | Bought a scroll of teleportation for 75 gold pieces
  8629 | D:7      | Noticed a two-headed ogre
  9128 | D:7      | Found a runed translucent door.
  9131 | D:7      | Noticed Crazy Yiuf
  9155 | D:7      | Killed Crazy Yiuf
  9308 | D:7      | Noticed Menkaure
  9545 | D:7      | Noticed Pikel
  9555 | D:7      | Killed Pikel
  9556 | D:7      | Reached skill level 5 in Dodging
  9556 | D:7      | Reached skill level 7 in Fire Magic
  9556 | D:7      | Reached XP level 9. HP: 50/50 MP: 6/15
  9628 | D:7      | Learned a level 5 spell: Fireball
  9866 | D:8      | Found a flagged portal.
 10032 | D:8      | Noticed a troll
 10045 | D:8      | Killed a troll
 10200 | D:8      | Noticed a two-headed ogre
 10225 | D:8      | Noticed Maurice
 10252 | D:8      | HP: 1/50 [two-headed ogre (14)]
 10253 | D:8      | Slain by Maurice

Illustrated notes

Levels and vault maps discovered:
D:1:      dpeg_arrival_boxorama, layout_basic, minmay_misc_feat_square
D:2:      layout_loops_ring, uniq_robin
D:3:      layout_basic, amcnicky_altar_gilded, serial_shops, shop,
          hangedman_decor_points
D:4:      layout_loops_corners, mainiacjoe_overflow_six_doors_small,
          grunt_gozag_breadcrumbs
D:5:      layout_basic, okawaru_trees_2, mainiacjoe_overflow_tiny_flanked,
          tgw_sif, tso_metal_star, minmay_temple_entry_poolview
D:6:      layout_gridville, serial_shops, shop, corexii_leaking_fountain
D:7:      layout_cave_pools, makhleb_blood_cavern_becter, nicolae_sextant,
          uniq_pikel, uniq_crazy_yiuf_cottage, uniq_menkaure
D:8:      layout_gridville, erik_lair_island, enter_bailey_5,
          hangedman_glass_garden, uniq_maurice
Temple:   chequers_temple_sunken

Skill      XL: |  1  2  3  4  5  6  7  8  9 |
---------------+----------------------------+-----
Conjurations   | 2 3 4 5 6 |  6.9
Fire Magic     | 4 5 6 7 |  7.5
Stealth        | 3 |  3.2
Spellcasting   | 3 4 |  4.0
Fighting       | 2 3 |  3.0
Dodging        | 5 6 |  6.0

Action                   |  1- 3 |  4- 6 |  7- 9 || total
-------------------------+-------+-------+-------++-------
Melee: Hand axe          |     3 |       |       ||     3
       Dagger            |    15 |    16 |    12 ||    43
       Flail             |       |       |    28 ||    28
 Fire: Hunting sling     |     1 |       |       ||     1
 Cast: Foxfire           |    51 |    47 |   131 ||   229
       Conjure Flame     |     1 |     2 |     4 ||     7
       Sting             |     1 |       |       ||     1
       Sticky Flame      |       |     1 |     6 ||     7
Evoke: Wand              |       |     4 |       ||     4
  Use: Scroll            |     3 |     1 |     3 ||     7
       Potion            |       |     4 |     1 ||     5
 Stab: Sleeping          |       |     1 |       ||     1
Armor: Robe              |     9 |    25 |    14 ||    48
Dodge: Dodged            |    35 |    61 |    97 ||   193
